 Dungeon Crawl Stone Soup version 0.20-b1-24-gb21faa7 (webtiles) character file.

1558 miragecloak the Transmogrifier (level 8, -13/57 HPs)
             Began as an Octopode Transmuter on May 25, 2017.
             Mangled by an orc warrior
             ... wielding a +0 dire flail
              (19 damage)
             ... on level 6 of the Dungeon.
             The game lasted 00:09:48 (6058 turns).

miragecloak the Transmogrifier (OpTm)               Turns: 6058, Time: 00:09:48

Health: -13/57     AC:  6    Str: 10    XL:     8   Next: 88%
Magic:  8/11       EV: 10    Int: 15    God:
Gold:   285        SH:  0    Dex: 14    Spells: 3/11 levels left

rFire    x . .     SeeInvis .     - Unarmed
rCold    + + +     Gourm    .   (shield currently unavailable)
rNeg     . . .     Faith    .   (helmet currently unavailable)
rPois    +         Spirit   .   (no amulet)
rElec    .         Reflect  .   (no ring)
rCorr    .         Harm     .   (no ring)
MR       .....                  (no ring)
Stlth    +.........             (no ring)
Regen    0.2/turn               (no ring)
MPRegen  0.2/turn               (no ring)
                                (no ring)
                                (no ring)

@: ice-form, hasted, very quick
A: almost no armour, stealthy swim, amphibious, 8 rings, (constrict 8)
a: End Transformation


You were on level 6 of the Dungeon.
You were hungry.
You were a creature of crystalline ice.
You visited 1 branch of the dungeon, and saw 6 of its levels.

You collected 285 gold pieces.

Inventory:

Missiles
 a - 12 arrows
Jewellery
 w - a +5 ring of intelligence {unknown}
 B - an uncursed ring of wizardry {unknown}
 C - a cursed amulet of inaccuracy {unknown}
Wands
 E - a wand of random effects (22/48)
Scrolls
 f - 5 scrolls of enchant weapon {unknown}
 i - 7 scrolls of identify {unknown}
 j - a scroll of recharging {unknown}
 m - 4 scrolls of fear {unknown}
 o - a scroll of blinking {unknown}
 p - a scroll of noise {unknown}
 q - 2 scrolls of teleportation {unknown}
 s - a scroll of immolation {unknown}
 t - a scroll of magic mapping {unknown}
 u - 3 scrolls of remove curse {unknown}
 y - a scroll of enchant armour {unknown}
 z - a scroll of fog {unknown}
Potions
 d - 3 potions of curing {unknown}
 e - a potion of brilliance {unknown}
 g - 4 potions of might {unknown}
 k - 4 potions of heal wounds {unknown}
 l - 2 potions of degeneration {unknown}
 v - a potion of lignification {unknown}
 x - 2 potions of agility {unknown}
 A - 2 potions of berserk rage {unknown}
Books
 b - a book of Changes

   Spells                             Type                      Level
   a - Beastly Appendage              Transmutation                1
   b - Sticks to Snakes               Transmutation                2
   c - Spider Form                    Transmutation/Poison         3
   d - Ice Form                       Ice/Transmutation            4
   e - Blade Hands                    Transmutation                5
Comestibles
 c - 5 bread rations
 h - a royal jelly
 n - 4 fruits
 r - 2 meat rations
 F - 10 chunks of flesh


   Skills:
 - Level 1.0 Fighting
 - Level 2.0 Dodging
 - Level 6.0 Unarmed Combat
 - Level 2.0 Spellcasting
 + Level 8.2 Transmutations
 - Level 4.0 Ice Magic
 - Level 3.0 Poison Magic


You had 3 spell levels left.
You knew the following spells:

 Your Spells              Type           Power        Failure   Level  Hunger
a - Beastly Appendage     Tmut           ####..       1%          1    #......
b - Spider Form           Tmut/Pois      ###.......   6%          3    ###....
c - Ice Form              Ice/Tmut       ###.....     17%         4    #####..


Dungeon Overview and Level Annotations

Branches:
Dungeon (6/15)
 Temple: D:4-7

Altars:

Shops:
D:6 %=*


Innate Abilities, Weirdness & Mutations

You cannot wear most types of armour.
You are very stealthy in the water. (Stealth+)
You are amphibious.
You can wear up to eight rings at the same time.
((You can use your tentacles to constrict eight enemies at once.))
((Your skin changes colour to match your surroundings (Stealth+).))
((Your rubbery body absorbs attacks. (AC +1, EV +1)))


Message History

The orc warrior is moderately wounded.
The orc warrior hits you with a dire flail!
The orc priest calls upon Beogh to heal the orc warrior.
The orc warrior is healed somewhat.
You completely miss the orc warrior.
The orc warrior is lightly wounded.
The orc warrior barely misses you.
The orc priest calls upon Beogh to heal the orc warrior.
The orc warrior's wounds heal themselves!
You barely miss the orc warrior.
The orc wizard gestures wildly while chanting.
The orc wizard blinks!
The orc warrior hits you with a dire flail!
* * * LOW HITPOINT WARNING * * *
The orc warrior barely misses you.
The orc warrior looks more healthy.
The orc priest looks braver for a moment.
You feel yourself speed up.
The orc warrior hits you with a dire flail!!
You die...

...##o#.# ...#....# ###
........# ...
##)#.).o########## #
#)##.#o.o..o....# ##
#)##.##########o# #..
#.##.# #.# #.## #.##+#
#o# ..... ..# #Y# #.###
###. ##.#### #.### .
##.....# ##.... ..
####...##.########..# #
..
+....>..............# #
...
####...##.###.####..###
##.###.# #.####.....
#.###.# #.........#
#.##..# #.####.#..#


You could see 2 orc warriors.

Vanquished Creatures
  Prince Ribbit (D:6)
  An orc warrior (D:5)
  An ice beast (D:5)
  2 phantoms
  2 ogres
  3 scorpions
  A water moccasin skeleton (D:6)
  A howler monkey (D:6)
  A centaur skeleton (D:6)
  An orc priest (D:6)
  3 jellies
  A hound (D:4)
  3 orc wizards (D:6)
  2 iguanas
  A worker ant (D:5)
  3 worker ant zombies
  2 gnolls (D:5)
  11 adders
  A shadow imp (D:5)
  An ooze (D:4)
  An adder zombie (D:6)
  2 worms
  A dart slug (D:2)
  3 leopard geckos
  14 orcs
  3 ball pythons
  4 bats
  4 giant cockroaches
  8 hobgoblins
  2 jackals (D:5)
  7 kobolds
  4 quokkas
  5 frilled lizards
  5 goblins
  4 rats
109 creatures vanquished.

Notes
Turn   | Place    | Note
-------+----------+-------------------------------------------
     0 | D:1      | miragecloak the Octopode Transmuter began the quest for the Orb.
     0 | D:1      | Reached XP level 1. HP: 13/13 MP: 3/3
   312 | D:1      | Reached XP level 2. HP: 13/18 MP: 0/5
   771 | D:2      | Reached skill level 3 in Transmutations
   831 | D:2      | Reached XP level 3. HP: 17/23 MP: 6/6
   836 | D:2      | Learned a level 3 spell: Spider Form
  1233 | D:2      | Reached skill level 1 in Poison Magic
  1454 | D:3      | Reached XP level 4. HP: 26/28 MP: 5/7
  1555 | D:3      | Reached skill level 4 in Transmutations
  2359 | D:4      | Reached XP level 5. HP: 33/33 MP: 4/8
  2620 | D:4      | Reached XP level 6. HP: 25/38 MP: 5/9
  2701 | D:4      | Reached skill level 5 in Unarmed Combat
  3213 | D:5      | Entered Level 5 of the Dungeon
  3402 | D:5      | Learned a level 4 spell: Ice Form
  3451 | D:5      | Reached XP level 7. HP: 31/43 MP: 6/10
  3521 | D:5      | Reached skill level 1 in Ice Magic
  3839 | D:5      | Noticed a two-headed ogre
  4055 | D:5      | Reached skill level 5 in Transmutations
  4530 | D:6      | Reached XP level 8. HP: 34/48 MP: 8/11
  4931 | D:6      | Reached skill level 6 in Transmutations
  4983 | D:6      | Found Udghomic's General Store.
  5092 | D:6      | Noticed Prince Ribbit
  5110 | D:6      | Killed Prince Ribbit
  5110 | D:6      | Reached skill level 7 in Transmutations
  5933 | D:6      | Found Hypsaunt's Jewellery Boutique.
  5944 | D:6      | Reached skill level 8 in Transmutations
  5971 | D:6      | Found Qokeg's Food Shop.
  6058 | D:6      | Mangled by an orc warrior

Skill      XL: |  1  2  3  4  5  6  7  8 |
---------------+-------------------------+-----
Transmutations | 3 4 5 8 |  8.2
Poison Magic   | 1 3 |  3.0
Unarmed Combat | 4 6 |  6.0
Ice Magic      | 3 4 |  4.0
Fighting       | |  1.0
Dodging        | |  2.0
Spellcasting   | |  2.0

Action                   |  1- 3 |  4- 6 |  7- 9 || total
-------------------------+-------+-------+-------++-------
Melee: Unarmed           |    89 |    99 |   141 ||   329
       Constrict         |    17 |     6 |     3 ||    26
       Kick              |     9 |       |       ||     9
       Tentacles         |     9 |     5 |     1 ||    15
       Punch             |       |       |     1 ||     1
 Cast: Beastly Appendage |    17 |       |       ||    17
       Spider Form       |     8 |    28 |    19 ||    55
       Ice Form          |       |       |     6 ||     6
 Abil: End Transformatio |       |       |     2 ||     2
  Use: Potion            |       |       |     1 ||     1
 Stab: Sleeping          |     4 |     5 |     1 ||    10
  Eat: Chunk             |     3 |     8 |    10 ||    21
       Royal jelly       |       |     1 |     1 ||     2
       Fruit             |       |       |     1 ||     1
Armor: Skin              |     7 |     9 |    13 ||    29
Dodge: Dodged            |    65 |    64 |    88 ||   217
